[Event "Cairns Cup 2019"]
[Site "Saint Louis"]
[Date "2019.02.06"]
[Round "1.4"]
[White "Harika, Dronavalli"]
[Black "Sebag, Marie"]
[Result "1/2-1/2"]
[ECO "B51"]
[WhiteElo "2471"]
[BlackElo "2476"]
[Annotator "RC"]
[PlyCount "89"]
[EventDate "2019.02.06"]
[EventType "tourn"]
[EventCountry "USA"]
[SourceTitle "playchess.com"]
[Source "ChessBase"]
[SourceQuality "1"]
[TimeControl "40/5400+30:1800+30"]

1. e4 c5 2. Nf3 d6 3. Bb5+ Nd7 4. O-O a6 5. Bd3 Ngf6 6. Re1 e6 7. c3 b5 8. Bc2 c4 9. a4 Bb7 10. d4 cxd3 11. Qxd3 Nc5 12. Qe2 bxa4 13. e5 dxe5 14. Nxe5 Bd6 15. Nd2 Bxe5 16. Qxe5 Qd5 17. Qxd5 Bxd5 18. Bxa4+ Nxa4 19. Rxa4 O-O 20. Ra5 Rfc8 21. Nf1 Bb7 22. Be3 Nd5 23. f3 f6 24. Kf2 e5 25. Nd2 Rab8 26. Rea1 Rd8 27. Rc5 f5 28. Nc4 f4 29. Bc1 e4 30. fxe4 Nf6 31. Ke1 Nxe4 32. Re5 g5 33. Nd2 Re8 34. Raa5 Nxd2 35. Bxd2 h6 36. Kf2 Rxe5 37. Rxe5 Kf7 38. c4 Re8 39. Rxe8 Kxe8 40. h4 Be4 41. hxg5 hxg5 42. g3 fxg3+ 43. Kxg3 Bd3 44. c5 Kd7 45. Bxg5 1/2-1/2

[Event "Cairns Cup 2019"]
[Site "Saint Louis"]
[Date "2019.02.06"]
[Round "1.5"]
[White "Zatonskih, Anna"]
[Black "Abdumalik, Zhansaya"]
[Result "0-1"]
[ECO "D84"]
[WhiteElo "2428"]
[BlackElo "2468"]
[Annotator "ChessBase"]
[PlyCount "72"]
[EventDate "2019.02.06"]
[EventType "tourn"]
[EventCountry "USA"]
[SourceTitle "playchess.com"]
[Source "ChessBase"]
[SourceQuality "1"]
[TimeControl "40/5400+30:1800+30"]

1. d4 Nf6 2. c4 g6 3. Nc3 d5 4. Bf4 Bg7 5. e3 O-O 6. cxd5 Nxd5 7. Nxd5 Qxd5 8. Bxc7 Na6 9. Bxa6 Qxg2 10. Qf3 Qxf3 11. Nxf3 bxa6 12. Rc1 f6 13. Rg1 Rf7 14. b3 Bb7 15. Ke2 Re8 16. Rgd1 e6 17. Bd6 Rd7 18. Bc5 g5 19. Nd2 g4 20. Rg1 h5 21. h3 gxh3 22. e4 e5 23. d5 Rc7 24. b4 a5 25. b5 Rec8 26. d6 Rd7 27. Bxa7 Rxd6 28. Be3 Rxc1 29. Rxc1 f5 30. Nc4 Rd8 31. f3 fxe4 32. Nxa5 exf3+ 33. Kf2 Be4 34. b6 Bf6 35. Kg3 Rd3 36. Rc4 Rxe3 0-1

[Event "Cairns Cup 2019"]
[Site "Saint Louis"]
[Date "2019.02.07"]
[Round "2.1"]
[White "Krush, Irina"]
[Black "Gunina, Valentina"]
[Result "1/2-1/2"]
[ECO "A06"]
[WhiteElo "2435"]
[BlackElo "2501"]
[Annotator "ChessBase"]
[PlyCount "136"]
[EventDate "2019.02.06"]
[EventType "tourn"]
[EventCountry "USA"]
[SourceTitle "playchess.com"]
[Source "ChessBase"]
[SourceQuality "1"]
[TimeControl "40/5400+30:1800+30"]

1. Nf3 d5 2. g3 c6 3. Bg2 Bg4 4. O-O Nd7 5. d3 Ngf6 6. Nbd2 e6 7. h3 Bh5 8. e4 Be7 9. Qe2 O-O 10. e5 Ne8 11. c3 c5 12. Rd1 Nc7 13. Nf1 b5 14. Bf4 a5 15. h4 a4 16. N1h2 Bg6 17. Ne1 h6 18. h5 Bh7 19. a3 Bg5 20. Bxg5 Qxg5 21. d4 cxd4 22. cxd4 Nb6 23. Ng4 Kh8 24. Ne3 Nc4 25. Rac1 Rab8 26. Rc3 Qe7 27. f4 b4 28. axb4 Nxe3 29. Qxe3 Rxb4 30. Rd2 Nb5 31. Rc1 Rb3 32. Qf2 Qb4 33. Nf3 Be4 34. Nh4 a3 35. bxa3 Qxa3 36. Rc5 Bxg2 37. Kxg2 Nc3 38. Rxc3 Rxc3 39. f5 Rfc8 40. fxe6 fxe6 41. Ng6+ Kh7 42. Qf4 Rc2 43. Rxc2 Rxc2+ 44. Kh3 Qc1 45. Nf8+ Kg8 46. Nxe6 Qh1+ 47. Kg4 Qd1+ 48. Qf3 Qxf3+ 49. Kxf3 Rc3+ 50. Kg4 Rd3 51. Kf5 Kf7 52. g4 Ke7 53. Nxg7 Rxd4 54. g5 hxg5 55. h6 Rh4 56. Kg6 Ra4 57. Kxg5 Ra8 58. h7 Kf7 59. Kh6 d4 60. e6+ Kf6 61. Nh5+ Kxe6 62. Kg7 Kf5 63. Ng3+ Kf4 64. Ne2+ Kg5 65. h8=Q Rxh8 66. Kxh8 d3 67. Nc3 Kf4 68. Kg7 d2 1/2-1/2

[Event "Cairns Cup 2019"]
[Site "Saint Louis"]
[Date "2019.02.07"]
[Round "2.5"]
[White "Khotenashvili, Bela"]
[Black "Paehtz, Elisabeth"]
[Result "1-0"]
[ECO "A11"]
[WhiteElo "2491"]
[BlackElo "2466"]
[Annotator "ChessBase"]
[PlyCount "109"]
[EventDate "2019.02.06"]
[EventType "tourn"]
[EventCountry "USA"]
[SourceTitle "playchess.com"]
[Source "ChessBase"]
[SourceQuality "1"]
[TimeControl "40/5400+30:1800+30"]

1. c4 c6 2. Nf3 d5 3. e3 Nf6 4. b3 g6 5. Bb2 Bg7 6. Be2 O-O 7. O-O a6 8. Nc3 Re8 9. d4 b5 10. Ne5 e6 11. Rc1 Nfd7 12. Nxd7 Nxd7 13. Bf3 Rb8 14. Ba1 bxc4 15. bxc4 a5 16. Re1 Ba6 17. c5 f5 18. Be2 Bxe2 19. Nxe2 e5 20. Rb1 Rxb1 21. Qxb1 Qc7 22. Qc2 f4 23. dxe5 Bxe5 24. exf4 Bxf4 25. g3 Bg5 26. Rb1 Bf6 27. Bxf6 Nxf6 28. Nd4 Nd7 29. Kg2 Re4 30. Qc3 Qe5 31. Rd1 Qc7 32. Qc1 Nf8 33. h4 Ne6 34. Nxe6 Rxe6 35. Qd2 a4 36. Rb1 Re4 37. Rb6 Re8 38. Qd4 Rb8 39. Rxb8+ Qxb8 40. Qxa4 Qc8 41. Qd4 Qa6 42. a4 Qa5 43. g4 Kf7 44. h5 gxh5 45. gxh5 Qa6 46. Qg4 Kf6 47. h6 Ke5 48. Qg7+ Kf4 49. Qxh7 Qxa4 50. Qg6 Qd1 51. h7 Qf3+ 52. Kg1 Qd1+ 53. Kh2 Qd4 54. Qh6+ Kg4 55. Qh3+ 1-0

[Event "Cairns Cup 2019"]
[Site "Saint Louis"]
[Date "2019.02.15"]
[Round "9.3"]
[White "Khotenashvili, Bela"]
[Black "Dzagnidze, Nana"]
[Result "0-1"]
[ECO "D00"]
[WhiteElo "2491"]
[BlackElo "2513"]
[Annotator "RC"]
[PlyCount "106"]
[EventDate "2019.02.06"]
[EventType "tourn"]
[EventCountry "USA"]
[SourceTitle "playchess.com"]
[Source "ChessBase"]
[SourceQuality "1"]
[TimeControl "40/5400+30:1800+30"]

1. d4 d5 2. Bf4 Nf6 3. e3 e6 4. Nf3 Bd6 5. Bg3 O-O 6. Nbd2 b6 7. c3 Bb7 8. Bd3 Ne4 9. Qc2 f5 10. Ne5 Nd7 11. Nxd7 Qxd7 12. Bxd6 cxd6 13. f3 Nxd2 14. Qxd2 e5 15. O-O-O e4 16. Be2 a5 17. Rhf1 Ba6 18. Bxa6 Rxa6 19. fxe4 dxe4 20. d5 Raa8 21. Rf2 b5 22. Kb1 Rfe8 23. Qd4 Rac8 24. Qb6 a4 25. a3 Re5 26. g3 h6 27. Rd4 Rc5 28. Rfd2 Qc7 29. Qxc7 Rxc7 30. c4 bxc4 31. Rc2 Kf7 32. Kc1 g5 33. Rcxc4 Rxc4+ 34. Rxc4 Rxd5 35. Rxa4 Rd3 36. Rd4 Rxe3 37. Rxd6 f4 38. gxf4 gxf4 39. Kd2 Rf3 40. Ke2 Rh3 41. Rd4 Re3+ 42. Kf2 Ke6 43. a4 Ke5 44. Rb4 Rf3+ 45. Ke1 Re3+ 46. Kf1 f3 47. a5 Rd3 48. Kf2 Rd2+ 49. Kg3 Rg2+ 50. Kh3 Rg1 51. Rb5+ Kf4 52. Rb8 f2 53. Rf8+ Ke3 0-1

[Event "Cairns Cup 2019"]
[Site "Saint Louis"]
[Date "2019.02.15"]
[Round "9.4"]
[White "Abdumalik, Zhansaya"]
[Black "Paehtz, Elisabeth"]
[Result "1-0"]
[ECO "C97"]
[WhiteElo "2468"]
[BlackElo "2466"]
[Annotator "RC"]
[PlyCount "103"]
[EventDate "2019.02.06"]
[EventType "tourn"]
[EventCountry "USA"]
[SourceTitle "playchess.com"]
[Source "ChessBase"]
[SourceQuality "1"]
[TimeControl "40/5400+30:1800+30"]

1. e4 e5 2. Nf3 Nc6 3. Bb5 a6 4. Ba4 Nf6 5. O-O Be7 6. Re1 b5 7. Bb3 d6 8. c3 O-O 9. h3 Na5 10. Bc2 c5 11. d4 Qc7 12. d5 Bd7 13. Nbd2 c4 14. Nf1 Rfc8 15. g4 Nb7 16. Ng3 g6 17. Bh6 Ne8 18. Kh2 a5 19. Qd2 b4 20. Rg1 bxc3 21. bxc3 Nc5 22. Be3 Rab8 23. Rab1 Bd8 24. Rxb8 Rxb8 25. Rb1 Rxb1 26. Bxb1 Bb5 27. Qb2 Ba6 28. Qa3 Nd3 29. Bxd3 cxd3 30. Nd2 Nf6 31. c4 Nd7 32. Kg2 Bxc4 33. Nxc4 Qxc4 34. Qxd6 Qa4 35. Qa6 Kf8 36. Qxd3 Qxa2 37. Qb5 Ke8 38. Nf1 Qc2 39. Nd2 a4 40. Qa6 Be7 41. Qa8+ Bd8 42. Qa6 Be7 43. Qa8+ Bd8 44. Bg5 f6 45. Be3 g5 46. Kh2 Nf8 47. Qa6 Be7 48. Nc4 Kf7 49. d6 Bd8 50. Qc8 Qxe4 51. Qxd8 Qxc4 52. Qc7+ 1-0